[ PARTIDA AOE2 · #478139698 ]
UnrankedPersas vs Huns
[ ANÁLISIS DE REPETICIÓN · EXTRAÍDO DE LA PARTIDA GRABADA ]
Feudal
9:38
Castillos
13:21
Imperial
28:54
| APM promedio | 31.5 |
| APM pico | 79 |
| eAPM promedio | 21.8 |
| Aldeanos / militares | 163 / 344 |
Foco
⚔️ 37.0% · 🌾 63.0%
War Elephant ×230 · Knight ×109 · Trade Cart ×41 · Trebuchet (Packed) ×5
Feudal
9:16
Castillos
25:24
Imperial
41:03
| APM promedio | 65.3 |
| APM pico | 203 |
| eAPM promedio | 45.8 |
| Aldeanos / militares | 107 / 11 |
Foco
⚔️ 63.2% · 🌾 36.8%
Unknown (1968) ×180 · Trade Cart ×84 · Unknown (1942) ×39 · Militia ×11
Feudal
8:56
Castillos
22:08
Imperial
36:33
| APM promedio | 49.1 |
| APM pico | 107 |
| eAPM promedio | 23.7 |
| Aldeanos / militares | 146 / 360 |
Foco
⚔️ 42.0% · 🌾 58.0%
Cavalry Archer ×289 · Knight ×65 · Trade Cart ×51 · Scout Cavalry ×5 · Mangonel ×1
Feudal
8:52
Castillos
22:31
Imperial
48:00
| APM promedio | 43.3 |
| APM pico | 92 |
| eAPM promedio | 20.2 |
| Aldeanos / militares | 148 / 241 |
Foco
⚔️ 29.8% · 🌾 70.2%
Mangudai ×179 · Trade Cart ×32 · Mangonel ×27 · Petard ×21 · Scout Cavalry ×8 · Monk ×5
Feudal
10:59
Castillos
15:29
Imperial
41:07
| APM promedio | 53.6 |
| APM pico | 149 |
| eAPM promedio | 33.3 |
| Aldeanos / militares | 208 / 684 |
Foco
⚔️ 49.5% · 🌾 50.5%
Knight ×530 · Scout Cavalry ×129 · Trade Cart ×68 · Conquistador ×21 · Bombard Cannon ×3 · Battering Ram ×1
Feudal
24:54
Castillos
38:36
Imperial
53:12
| APM promedio | 39.0 |
| APM pico | 93 |
| eAPM promedio | 23.1 |
| Aldeanos / militares | 189 / 210 |
Foco
⚔️ 46.1% · 🌾 53.9%
War Elephant ×210 · Trade Cart ×25
Feudal
10:17
Castillos
16:12
Imperial
40:07
| APM promedio | 46.5 |
| APM pico | 87 |
| eAPM promedio | 20.8 |
| Aldeanos / militares | 145 / 642 |
Foco
⚔️ 39.4% · 🌾 60.6%
Spearman ×547 · Bombard Cannon ×64 · Monk ×20 · Trade Cart ×9 · Mangonel ×6 · Skirmisher ×4
Feudal
11:22
Castillos
14:58
Imperial
30:01
| APM promedio | 44.3 |
| APM pico | 157 |
| eAPM promedio | 35.5 |
| Aldeanos / militares | 197 / 1038 |
Foco
⚔️ 60.4% · 🌾 39.6%
Spearman ×903 · Monk ×63 · Bombard Cannon ×63 · Trade Cart ×20 · Trebuchet (Packed) ×4 · Militia ×3
Mapa de la partida
Recursos iniciales + cada clic de construcción. Líneas = muros · curvas = relieve. ◆ oro · ⬟ piedra · ● bayas · ✦ reliquia · ◌ hueco del cierre
Tu base· ✓ Cerrada en 13:21 · 0t muro · sin puerta
Base de 嗚· ✓ Cerrada en 25:24 · 0t muro · 2 puerta(s)
Base de KanSu· ✓ Cerrada en 22:08 · 40t muro · sin puerta
Base de BomBomB1· ✓ Cerrada en 22:31 · 43t muro · 6 puerta(s)
Base de 花果山水簾洞美猴王齊天大聖孫悟空· ✓ Cerrada en 15:29 · 0t muro · sin puerta
Base de P0rr1dg3· ✓ Cerrada en 38:36 · 48t muro · 3 puerta(s)
Base de draco· ✓ Cerrada en 16:12 · 6t muro · sin puerta
Base de King of Puchi· ✓ Cerrada en 14:58 · 0t muro · sin puerta
Terreno inicial suavizado · ◌ = hueco del cierre detectado · pasá el cursor para detalles
Inputs por minuto
— Morris=w= - - 嗚
Build order — Morris=w=
Primeras 150 de 759 acciones detectadas
| 0:01 | Crear | Villager (Male) ×5 |
| 0:03 | Construir | House |
| 0:04 | Construir | House |
| 1:33 | Crear | Villager (Male) |
| 1:59 | Crear | Villager (Male) |
| 2:01 | Construir | Lumber Camp |
| 2:27 | Crear | Villager (Male) |
| 3:06 | Crear | Villager (Male) |
| 3:06 | Crear | Villager (Male) |
| 3:22 | Construir | House |
| 3:25 | Crear | Villager (Male) |
| 3:29 | Crear | Villager (Male) |
| 3:29 | Crear | Villager (Male) |
| 3:51 | Crear | Villager (Male) |
| 3:59 | Crear | Villager (Male) |
| 3:59 | Crear | Villager (Male) |
| 4:32 | Crear | Villager (Male) |
| 4:41 | Crear | Villager (Male) |
| 5:04 | Construir | House |
| 5:22 | Crear | Villager (Male) |
| 5:54 | Crear | Villager (Male) |
| 6:33 | Crear | Villager (Male) |
| 6:33 | Crear | Villager (Male) |
| 7:01 | Construir | Mill |
| 7:29 | Investigar | Feudal Age |
| 7:32 | Construir | Mining Camp |
| 7:56 | Crear | Villager (Male) |
| 7:57 | Crear | Villager (Male) |
| 9:38 | Edad | Edad Feudal |
| 9:50 | Construir | Market |
| 9:54 | Construir | Blacksmith |
| 10:55 | Investigar | Castle Age |
| 10:56 | Investigar | Castle Age |
| 12:05 | Investigar | Double-Bit Axe |
| 12:14 | Construir | House |
| 12:16 | Construir | House |
| 12:54 | Investigar | Horse Collar |
| 12:54 | Investigar | Horse Collar |
| 13:21 | Edad | Edad de los Castillos |
| 13:24 | Crear | Villager (Male) |
| 13:28 | Construir | Town Center |
| 13:36 | Construir | Town Center |
| 13:46 | Construir | Town Center |
| 14:02 | Crear | Villager (Male) |
| 14:05 | Investigar | Bow Saw |
| 14:12 | Crear | Villager (Male) |
| 14:29 | Construir | Farm |
| 14:30 | Construir | Farm |
| 14:45 | Crear | Villager (Male) |
| 14:54 | Crear | Villager (Male) |
| 14:57 | Construir | Farm |
| 15:14 | Construir | Farm |
| 15:17 | Construir | Farm |
| 15:24 | Construir | Farm |
| 15:26 | Construir | Farm |
| 15:32 | Crear | Villager (Male) |
| 15:52 | Construir | Farm |
| 15:55 | Construir | Farm |
| 15:59 | Construir | Farm |
| 16:03 | Construir | Farm |
| 16:10 | Crear | Villager (Male) |
| 16:10 | Crear | Villager (Male) |
| 16:13 | Investigar | Horse Collar |
| 16:14 | Investigar | Horse Collar |
| 16:41 | Construir | Farm |
| 16:43 | Construir | Farm |
| 16:44 | Construir | Farm |
| 16:44 | Crear | Villager (Male) |
| 16:46 | Crear | Villager (Male) |
| 16:50 | Construir | Farm |
| 16:54 | Construir | Farm |
| 16:56 | Construir | Farm |
| 16:59 | Construir | House |
| 17:01 | Construir | House |
| 17:26 | Crear | Villager (Male) |
| 17:49 | Crear | Villager (Male) |
| 17:50 | Crear | Villager (Male) |
| 17:50 | Crear | Villager (Male) |
| 17:51 | Crear | Villager (Male) |
| 17:52 | Crear | Villager (Male) |
| 17:55 | Construir | Farm |
| 17:59 | Construir | Farm |
| 18:03 | Construir | Farm |
| 18:06 | Construir | Farm |
| 18:07 | Crear | Villager (Male) |
| 18:16 | Crear | Villager (Male) |
| 18:25 | Crear | Villager (Male) |
| 18:31 | Construir | Farm |
| 18:32 | Construir | Farm |
| 18:36 | Construir | Farm |
| 18:38 | Crear | Villager (Male) |
| 18:45 | Crear | Villager (Male) |
| 18:55 | Crear | Villager (Male) |
| 19:03 | Construir | Town Center |
| 19:05 | Crear | Villager (Male) |
| 19:09 | Construir | Farm |
| 19:11 | Crear | Villager (Male) |
| 19:34 | Crear | Villager (Male) |
| 19:34 | Crear | Villager (Male) |
| 19:35 | Crear | Villager (Male) |
| 19:46 | Construir | House |
| 19:48 | Construir | House |
| 19:49 | Construir | House |
| 19:51 | Crear | Villager (Male) |
| 19:51 | Crear | Villager (Male) |
| 20:03 | Investigar | Wheelbarrow |
| 20:03 | Investigar | Wheelbarrow |
| 20:10 | Investigar | Heavy Plow |
| 20:16 | Crear | Villager (Male) |
| 20:30 | Crear | Villager (Male) |
| 20:33 | Crear | Villager (Male) |
| 20:39 | Crear | Villager (Male) |
| 20:43 | Crear | Villager (Male) |
| 20:53 | Crear | Villager (Male) |
| 20:56 | Crear | Villager (Male) |
| 20:59 | Construir | House |
| 21:00 | Construir | House |
| 21:02 | Construir | House |
| 21:03 | Construir | House |
| 21:07 | Construir | House |
| 21:08 | Crear | Villager (Male) |
| 21:13 | Crear | Villager (Male) |
| 21:18 | Construir | House |
| 21:19 | Construir | House |
| 21:21 | Construir | House |
| 21:22 | Construir | House |
| 21:29 | Crear | Villager (Male) |
| 21:30 | Crear | Villager (Male) |
| 21:33 | Investigar | Loom |
| 21:35 | Crear | Villager (Male) |
| 21:37 | Crear | Villager (Male) |
| 21:48 | Crear | Villager (Male) |
| 21:49 | Crear | Villager (Male) |
| 21:58 | Construir | Town Center |
| 22:02 | Crear | Villager (Male) |
| 22:02 | Crear | Villager (Male) |
| 22:05 | Crear | Villager (Male) |
| 22:10 | Construir | Farm |
| 22:15 | Crear | Villager (Male) |
| 22:22 | Crear | Villager (Male) |
| 22:29 | Construir | Farm |
| 22:34 | Crear | Villager (Male) |
| 22:38 | Investigar | Town Watch |
| 22:39 | Investigar | Town Watch |
| 22:40 | Crear | Villager (Male) |
| 22:43 | Construir | Farm |
| 22:44 | Construir | Farm |
| 22:45 | Crear | Villager (Male) |
| 22:52 | Crear | Villager (Male) |
| 22:57 | Construir | Farm |
Build order — 嗚
Primeras 150 de 584 acciones detectadas
| 0:01 | Crear | Villager (Male) |
| 0:02 | Crear | Villager (Male) |
| 0:05 | Construir | House |
| 0:06 | Construir | House |
| 0:25 | Construir | House |
| 0:26 | Crear | Villager (Male) |
| 0:27 | Crear | Villager (Male) |
| 1:36 | Crear | Villager (Male) |
| 1:56 | Crear | Villager (Male) |
| 2:20 | Crear | Villager (Male) |
| 2:32 | Crear | Villager (Male) |
| 3:02 | Crear | Villager (Male) |
| 3:08 | Construir | Lumber Camp |
| 3:13 | Crear | Villager (Male) |
| 3:42 | Crear | Villager (Male) |
| 3:42 | Crear | Villager (Male) |
| 4:38 | Crear | Villager (Male) |
| 5:16 | Construir | Mill |
| 5:26 | Crear | Villager (Male) |
| 5:26 | Crear | Villager (Male) |
| 5:54 | Investigar | Loom |
| 5:55 | Crear | Villager (Male) |
| 7:00 | Investigar | Feudal Age |
| 7:00 | Investigar | Feudal Age |
| 7:12 | Construir | House |
| 7:50 | Construir | Mining Camp |
| 8:36 | Construir | Barracks |
| 9:16 | Edad | Edad Feudal |
| 9:23 | Crear | Militia |
| 9:26 | Construir | House |
| 9:39 | Crear | Militia |
| 9:43 | Construir | Barracks |
| 9:46 | Crear | Villager (Male) |
| 9:57 | Investigar | Man-at-Arms (upgrade) |
| 10:04 | Construir | House |
| 10:23 | Crear | Militia |
| 10:24 | Crear | Militia |
| 10:27 | Construir | House |
| 10:37 | Crear | Militia |
| 10:54 | Crear | Militia |
| 11:24 | Construir | Watch Tower |
| 11:30 | Crear | Militia |
| 11:42 | Construir | Farm |
| 11:43 | Construir | Farm |
| 11:45 | Construir | Farm |
| 12:12 | Investigar | Arson |
| 12:37 | Crear | Militia |
| 13:05 | Crear | Villager (Male) |
| 13:30 | Crear | Villager (Male) |
| 13:37 | Construir | Farm |
| 13:38 | Construir | Farm |
| 13:38 | Construir | Farm |
| 13:38 | Construir | Farm |
| 13:38 | Construir | Farm |
| 13:39 | Construir | Farm |
| 13:59 | Crear | Villager (Male) |
| 14:04 | Construir | Mining Camp |
| 14:16 | Crear | Villager (Male) |
| 14:37 | Construir | House |
| 14:39 | Crear | Villager (Male) |
| 14:54 | Investigar | Double-Bit Axe |
| 15:20 | Construir | House |
| 15:26 | Crear | Villager (Male) |
| 15:43 | Construir | House |
| 15:46 | Crear | Villager (Male) |
| 15:51 | Investigar | Horse Collar |
| 15:51 | Investigar | Horse Collar |
| 16:04 | Construir | House |
| 16:32 | Crear | Villager (Male) |
| 16:43 | Crear | Villager (Male) |
| 17:11 | Construir | House |
| 17:13 | Crear | Villager (Male) |
| 17:16 | Construir | Farm |
| 17:17 | Construir | Farm |
| 17:18 | Construir | Farm |
| 17:30 | Crear | Militia |
| 17:31 | Crear | Militia |
| 17:32 | Crear | Militia |
| 17:50 | Construir | House |
| 18:00 | Crear | Villager (Male) |
| 18:00 | Crear | Villager (Male) |
| 18:02 | Construir | Farm |
| 18:07 | Construir | Outpost |
| 18:26 | Construir | Palisade Gate |
| 18:30 | Construir | House |
| 18:45 | Crear | Villager (Male) |
| 18:47 | Construir | Farm |
| 18:48 | Construir | Farm |
| 19:15 | Investigar | Wheelbarrow |
| 19:29 | Construir | Farm |
| 19:31 | Construir | Farm |
| 19:34 | Construir | Farm |
| 19:36 | Crear | Villager (Male) |
| 19:43 | Construir | House |
| 19:46 | Construir | House |
| 20:15 | Construir | Gate |
| 20:20 | Construir | Gate |
| 20:42 | Construir | House |
| 20:46 | Construir | Farm |
| 20:48 | Crear | Villager (Male) |
| 21:12 | Construir | House |
| 21:54 | Crear | Villager (Male) |
| 21:57 | Construir | Market |
| 22:05 | Construir | Blacksmith |
| 22:10 | Crear | Villager (Male) |
| 22:19 | Construir | Gate |
| 22:40 | Investigar | Castle Age |
| 23:06 | Construir | House |
| 23:48 | Construir | Lumber Camp |
| 23:51 | Crear | Villager (Male) |
| 24:12 | Construir | Farm |
| 24:13 | Construir | Farm |
| 24:29 | Investigar | Gold Mining |
| 24:30 | Investigar | Stone Mining |
| 25:24 | Edad | Edad de los Castillos |
| 25:26 | Construir | Castle |
| 25:29 | Crear | Villager (Male) |
| 26:03 | Construir | University |
| 26:06 | Crear | Villager (Male) |
| 26:20 | Crear | Villager (Male) |
| 26:29 | Investigar | Fletching |
| 26:43 | Investigar | Bow Saw |
| 26:57 | Construir | House |
| 27:04 | Crear | Villager (Male) |
| 27:09 | Crear | Unit 1968 |
| 27:10 | Crear | Unit 1968 |
| 27:10 | Crear | Unit 1968 |
| 27:27 | Crear | Villager (Male) |
| 27:40 | Crear | Unit 1968 |
| 27:40 | Crear | Unit 1968 |
| 27:41 | Crear | Unit 1968 |
| 27:45 | Crear | Villager (Male) |
| 27:48 | Construir | Farm |
| 28:13 | Investigar | Ballistics |
| 28:17 | Crear | Villager (Male) |
| 28:30 | Crear | Villager (Male) |
| 28:34 | Crear | Unit 1968 |
| 28:57 | Crear | Villager (Male) |
| 28:58 | Crear | Unit 1968 |
| 29:19 | Investigar | Bodkin Arrow |
| 29:25 | Crear | Unit 1968 |
| 29:25 | Crear | Unit 1968 |
| 29:55 | Crear | Villager (Male) |
| 29:55 | Crear | Villager (Male) |
| 29:56 | Crear | Unit 1968 |
| 29:56 | Crear | Unit 1968 |
| 30:07 | Construir | Farm |
| 30:07 | Construir | Farm |
| 30:33 | Crear | Unit 1968 |
| 30:33 | Crear | Unit 1968 |
Build order — KanSu
Primeras 150 de 519 acciones detectadas
| 0:01 | Crear | Villager (Male) |
| 0:01 | Crear | Villager (Male) |
| 0:40 | Crear | Villager (Male) |
| 0:40 | Crear | Villager (Male) |
| 1:28 | Crear | Villager (Male) |
| 1:28 | Crear | Villager (Male) |
| 1:29 | Crear | Villager (Male) |
| 2:03 | Crear | Villager (Male) |
| 2:08 | Construir | Lumber Camp |
| 2:32 | Crear | Villager (Male) |
| 2:32 | Crear | Villager (Male) |
| 2:32 | Crear | Villager (Male) |
| 2:58 | Crear | Villager (Male) |
| 3:45 | Crear | Villager (Male) |
| 3:45 | Crear | Villager (Male) |
| 4:04 | Crear | Villager (Male) |
| 4:05 | Crear | Villager (Male) |
| 4:26 | Crear | Villager (Male) |
| 4:34 | Crear | Villager (Male) |
| 5:15 | Construir | Mill |
| 5:28 | Crear | Villager (Male) |
| 6:18 | Investigar | Loom |
| 6:46 | Investigar | Feudal Age |
| 8:08 | Construir | Barracks |
| 8:56 | Edad | Edad Feudal |
| 9:00 | Crear | Villager (Male) |
| 9:27 | Crear | Villager (Male) |
| 9:33 | Construir | Stable |
| 9:47 | Construir | Farm |
| 9:49 | Construir | Farm |
| 9:50 | Construir | Farm |
| 9:52 | Crear | Villager (Male) |
| 10:33 | Crear | Scout Cavalry |
| 10:33 | Crear | Scout Cavalry |
| 10:37 | Construir | Blacksmith |
| 11:01 | Crear | Scout Cavalry |
| 11:10 | Construir | Palisade Wall |
| 11:14 | Crear | Villager (Male) |
| 11:16 | Construir | Farm |
| 11:16 | Construir | Farm |
| 11:20 | Construir | Farm |
| 11:36 | Crear | Scout Cavalry |
| 11:40 | Construir | Farm |
| 11:55 | Investigar | Forging |
| 12:15 | Construir | Farm |
| 12:33 | Crear | Villager (Male) |
| 12:40 | Crear | Villager (Male) |
| 12:45 | Construir | Farm |
| 12:45 | Construir | Farm |
| 12:46 | Construir | Farm |
| 12:59 | Crear | Scout Cavalry |
| 13:28 | Crear | Villager (Male) |
| 13:28 | Crear | Villager (Male) |
| 13:32 | Construir | Farm |
| 13:34 | Construir | Farm |
| 14:01 | Construir | Farm |
| 14:13 | Crear | Villager (Male) |
| 14:15 | Investigar | Double-Bit Axe |
| 14:23 | Construir | Farm |
| 14:46 | Crear | Villager (Male) |
| 14:52 | Construir | Palisade Wall |
| 15:12 | Crear | Villager (Male) |
| 15:18 | Construir | Mining Camp |
| 15:40 | Crear | Villager (Male) |
| 15:49 | Construir | Farm |
| 16:08 | Crear | Villager (Male) |
| 16:21 | Crear | Villager (Male) |
| 16:23 | Construir | Farm |
| 16:32 | Crear | Villager (Male) |
| 16:57 | Crear | Villager (Male) |
| 17:16 | Crear | Villager (Male) |
| 17:26 | Crear | Villager (Male) |
| 17:27 | Construir | Farm |
| 17:29 | Construir | Farm |
| 17:47 | Crear | Villager (Male) |
| 17:49 | Construir | Farm |
| 18:11 | Construir | Farm |
| 18:57 | Crear | Villager (Male) |
| 19:08 | Construir | Archery Range |
| 19:13 | Investigar | Castle Age |
| 19:13 | Investigar | Castle Age |
| 19:27 | Investigar | Gold Mining |
| 19:30 | Investigar | Horse Collar |
| 20:23 | Crear | Villager (Male) |
| 20:38 | Construir | Stable |
| 21:01 | Investigar | Bloodlines |
| 21:15 | Investigar | Wheelbarrow |
| 21:19 | Investigar | Scale Barding Armor |
| 21:29 | Construir | Outpost |
| 21:43 | Construir | Mining Camp |
| 21:48 | Construir | Outpost |
| 22:08 | Edad | Edad de los Castillos |
| 22:09 | Crear | Knight |
| 22:09 | Crear | Knight |
| 22:12 | Investigar | Chain Barding Armor |
| 22:14 | Crear | Villager (Male) |
| 22:23 | Construir | Lumber Camp |
| 22:34 | Crear | Villager (Male) |
| 22:36 | Crear | Knight |
| 22:37 | Crear | Knight |
| 22:42 | Construir | Farm |
| 22:53 | Construir | Outpost |
| 23:03 | Investigar | Husbandry |
| 23:04 | Crear | Knight |
| 23:22 | Crear | Knight |
| 24:07 | Crear | Knight |
| 24:08 | Crear | Knight |
| 24:08 | Crear | Villager (Male) |
| 24:08 | Crear | Villager (Male) |
| 24:15 | Construir | Outpost |
| 24:20 | Crear | Villager (Male) |
| 24:28 | Construir | Farm |
| 24:30 | Construir | Farm |
| 24:36 | Crear | Knight |
| 24:36 | Crear | Knight |
| 24:40 | Crear | Knight |
| 25:46 | Crear | Villager (Male) |
| 25:46 | Crear | Villager (Male) |
| 25:47 | Crear | Knight |
| 25:47 | Crear | Knight |
| 25:54 | Construir | Farm |
| 25:55 | Construir | Farm |
| 25:55 | Construir | Farm |
| 25:55 | Construir | Farm |
| 25:55 | Construir | Farm |
| 25:55 | Construir | Farm |
| 26:04 | Construir | Farm |
| 26:15 | Construir | Farm |
| 26:19 | Construir | Farm |
| 26:20 | Construir | Farm |
| 26:31 | Construir | Farm |
| 26:50 | Crear | Knight |
| 26:50 | Crear | Knight |
| 26:51 | Crear | Villager (Male) |
| 26:51 | Crear | Villager (Male) |
| 27:17 | Crear | Villager (Male) |
| 27:18 | Crear | Knight |
| 27:18 | Crear | Knight |
| 27:37 | Construir | Farm |
| 27:37 | Construir | Farm |
| 27:44 | Construir | Town Center |
| 27:57 | Crear | Knight |
| 27:57 | Crear | Knight |
| 28:00 | Construir | Farm |
| 28:02 | Construir | Farm |
| 28:06 | Construir | Outpost |
| 28:09 | Construir | Farm |
| 28:19 | Crear | Villager (Male) |
| 28:19 | Crear | Villager (Male) |
| 28:23 | Construir | Market |
Build order — BomBomB1
Primeras 150 de 409 acciones detectadas
| 0:02 | Crear | Villager (Male) ×4 |
| 0:02 | Crear | Villager (Male) ×4 |
| 0:03 | Construir | House |
| 0:04 | Construir | House |
| 1:27 | Crear | Villager (Male) |
| 1:38 | Crear | Villager (Male) |
| 1:58 | Crear | Villager (Male) |
| 2:43 | Construir | House |
| 2:43 | Construir | House |
| 2:45 | Crear | Villager (Male) |
| 2:46 | Crear | Villager (Male) |
| 2:46 | Crear | Villager (Male) |
| 3:10 | Crear | Villager (Male) |
| 3:19 | Crear | Villager (Male) |
| 3:19 | Crear | Villager (Male) |
| 3:19 | Crear | Villager (Male) |
| 3:25 | Construir | Lumber Camp |
| 4:00 | Crear | Villager (Male) |
| 4:26 | Crear | Villager (Male) |
| 5:08 | Investigar | Loom |
| 5:10 | Crear | Villager (Male) |
| 6:08 | Construir | Mill |
| 6:36 | Investigar | Feudal Age |
| 6:54 | Construir | Barracks |
| 7:42 | Construir | Palisade Wall |
| 8:21 | Construir | Palisade Wall |
| 8:23 | Construir | Palisade Wall |
| 8:24 | Construir | Palisade Wall |
| 8:41 | Crear | Villager (Male) |
| 8:41 | Crear | Villager (Male) |
| 8:52 | Edad | Edad Feudal |
| 9:02 | Construir | Stable |
| 9:15 | Crear | Villager (Male) |
| 9:21 | Investigar | Double-Bit Axe |
| 9:47 | Crear | Scout Cavalry |
| 9:47 | Crear | Scout Cavalry |
| 10:06 | Construir | Palisade Wall |
| 10:14 | Crear | Scout Cavalry |
| 10:33 | Crear | Villager (Male) |
| 10:34 | Crear | Villager (Male) |
| 11:17 | Crear | Villager (Male) |
| 11:47 | Construir | Palisade Wall |
| 11:49 | Construir | Palisade Wall |
| 11:52 | Construir | House |
| 11:55 | Crear | Scout Cavalry |
| 12:22 | Investigar | Horse Collar |
| 12:26 | Construir | Palisade Wall |
| 12:29 | Crear | Spearman |
| 12:33 | Construir | Palisade Wall |
| 12:54 | Crear | Villager (Male) |
| 12:57 | Construir | Farm |
| 12:58 | Construir | Farm |
| 13:02 | Construir | Mining Camp |
| 13:04 | Construir | Lumber Camp |
| 13:31 | Crear | Villager (Male) |
| 13:31 | Crear | Villager (Male) |
| 13:52 | Construir | Farm |
| 14:02 | Construir | Blacksmith |
| 14:08 | Crear | Villager (Male) |
| 14:27 | Investigar | Gold Mining |
| 14:30 | Investigar | Town Watch |
| 14:34 | Construir | House |
| 14:40 | Construir | Palisade Wall |
| 14:40 | Construir | Palisade Wall |
| 14:41 | Construir | Palisade Wall |
| 14:42 | Construir | Palisade Wall |
| 14:48 | Construir | Farm |
| 14:55 | Construir | House |
| 15:04 | Construir | Farm |
| 15:08 | Construir | Farm |
| 15:13 | Crear | Villager (Male) |
| 15:13 | Crear | Villager (Male) |
| 15:19 | Construir | Farm |
| 15:21 | Construir | Farm |
| 15:33 | Construir | Palisade Gate |
| 15:49 | Crear | Scout Cavalry |
| 15:49 | Crear | Scout Cavalry |
| 15:54 | Construir | Farm |
| 15:54 | Construir | Farm |
| 15:56 | Construir | Farm |
| 15:57 | Construir | Farm |
| 16:09 | Construir | House |
| 16:26 | Crear | Villager (Male) |
| 16:27 | Crear | Villager (Male) |
| 16:31 | Construir | Palisade Gate |
| 16:34 | Construir | Palisade Gate |
| 18:47 | Construir | House |
| 18:48 | Construir | House |
| 18:56 | Construir | Palisade Wall |
| 19:06 | Construir | Palisade Gate |
| 19:28 | Construir | Palisade Gate |
| 19:51 | Investigar | Castle Age |
| 20:41 | Crear | Scout Cavalry |
| 21:16 | Construir | Lumber Camp |
| 22:06 | Construir | Gate |
| 22:31 | Edad | Edad de los Castillos |
| 22:34 | Investigar | Wheelbarrow |
| 23:17 | Crear | Scout Cavalry |
| 24:01 | Crear | Villager (Male) |
| 24:01 | Crear | Villager (Male) |
| 24:05 | Construir | Town Center |
| 24:57 | Crear | Villager (Male) |
| 24:58 | Crear | Villager (Male) |
| 24:58 | Crear | Villager (Male) |
| 24:58 | Crear | Villager (Male) |
| 25:31 | Construir | Farm |
| 25:49 | Crear | Villager (Male) |
| 26:46 | Crear | Villager (Male) |
| 27:42 | Construir | Market |
| 27:59 | Crear | Villager (Male) |
| 28:00 | Crear | Villager (Male) |
| 28:00 | Crear | Villager (Male) |
| 28:14 | Crear | Villager (Male) |
| 28:46 | Construir | Castle |
| 28:50 | Crear | Villager (Male) |
| 30:15 | Construir | Castle |
| 30:24 | Crear | Villager (Male) |
| 30:24 | Crear | Villager (Male) |
| 31:10 | Construir | Mining Camp |
| 31:40 | Construir | Farm |
| 32:02 | Construir | Farm |
| 32:03 | Construir | Farm |
| 32:10 | Crear | Villager (Male) |
| 32:10 | Crear | Villager (Male) |
| 32:29 | Crear | Petard |
| 32:30 | Crear | Petard |
| 32:58 | Construir | Farm |
| 33:02 | Crear | Petard ×2 |
| 33:04 | Crear | Villager (Male) |
| 33:35 | Crear | Petard ×2 |
| 34:03 | Crear | Villager (Male) ×2 |
| 34:09 | Construir | Lumber Camp |
| 34:11 | Crear | Villager (Male) |
| 34:16 | Crear | Villager (Male) |
| 34:39 | Crear | Petard |
| 34:39 | Crear | Petard |
| 35:06 | Crear | Villager (Male) ×3 |
| 35:43 | Crear | Villager (Male) ×3 |
| 35:51 | Construir | Town Center |
| 35:57 | Crear | Villager (Male) |
| 36:23 | Crear | Petard ×2 |
| 36:32 | Crear | Villager (Male) |
| 36:40 | Construir | Farm |
| 36:55 | Crear | Villager (Male) ×5 |
| 37:00 | Crear | Petard |
| 37:00 | Crear | Petard |
| 37:00 | Crear | Petard |
| 37:09 | Investigar | Hand Cart |
| 37:12 | Crear | Villager (Male) |
| 37:21 | Investigar | Bow Saw |
Build order — 花果山水簾洞美猴王齊天大聖孫悟空
Primeras 150 de 728 acciones detectadas
| 0:02 | Crear | Villager (Male) |
| 0:03 | Construir | House |
| 0:05 | Construir | House |
| 0:06 | Crear | Villager (Male) |
| 0:12 | Crear | Villager (Male) |
| 0:13 | Crear | Villager (Male) |
| 0:51 | Investigar | Loom |
| 1:24 | Construir | Lumber Camp |
| 1:30 | Crear | Villager (Male) |
| 1:33 | Construir | House |
| 2:04 | Crear | Villager (Male) |
| 2:04 | Crear | Villager (Male) |
| 2:27 | Crear | Villager (Male) |
| 2:27 | Crear | Villager (Male) |
| 2:50 | Crear | Villager (Male) |
| 2:50 | Crear | Villager (Male) |
| 3:21 | Crear | Villager (Male) |
| 3:21 | Crear | Villager (Male) |
| 3:21 | Crear | Villager (Male) |
| 3:47 | Crear | Villager (Male) |
| 3:47 | Crear | Villager (Male) |
| 4:15 | Construir | House |
| 4:31 | Investigar | Loom |
| 4:36 | Crear | Villager (Male) |
| 4:38 | Crear | Villager (Male) |
| 4:44 | Crear | Villager (Male) |
| 5:14 | Crear | Villager (Male) |
| 5:48 | Crear | Villager (Male) |
| 5:59 | Construir | House |
| 6:44 | Crear | Villager (Male) |
| 7:04 | Crear | Villager (Male) |
| 7:04 | Crear | Villager (Male) |
| 7:12 | Construir | House |
| 7:13 | Construir | Mill |
| 7:48 | Crear | Villager (Male) |
| 8:14 | Crear | Villager (Male) |
| 8:37 | Investigar | Feudal Age |
| 8:47 | Construir | Mining Camp |
| 8:48 | Crear | Villager (Male) |
| 8:51 | Crear | Villager (Male) |
| 8:54 | Construir | Mining Camp |
| 9:18 | Construir | House |
| 10:49 | Crear | Villager (Male) |
| 10:59 | Edad | Edad Feudal |
| 11:15 | Construir | Farm |
| 11:16 | Construir | Farm |
| 11:16 | Construir | Farm |
| 11:16 | Construir | Farm |
| 11:25 | Construir | Market |
| 11:55 | Construir | Blacksmith |
| 12:49 | Investigar | Castle Age |
| 13:05 | Construir | House |
| 13:18 | Construir | House |
| 13:36 | Construir | Barracks |
| 14:11 | Investigar | Double-Bit Axe |
| 14:27 | Crear | Villager (Male) |
| 14:56 | Crear | Villager (Male) |
| 14:57 | Crear | Villager (Male) |
| 15:18 | Crear | Villager (Male) |
| 15:29 | Edad | Edad de los Castillos |
| 15:41 | Crear | Villager (Male) |
| 15:54 | Construir | Stable |
| 16:02 | Construir | House |
| 16:26 | Construir | Castle |
| 16:40 | Construir | Farm |
| 16:43 | Construir | Farm |
| 16:45 | Construir | Farm |
| 16:55 | Crear | Villager (Male) |
| 16:57 | Crear | Villager (Male) |
| 16:59 | Crear | Villager (Male) |
| 17:14 | Investigar | Husbandry |
| 17:29 | Crear | Conquistador |
| 17:44 | Construir | Gate |
| 17:50 | Construir | Stone Wall |
| 17:53 | Crear | Villager (Male) |
| 18:08 | Crear | Conquistador |
| 18:11 | Construir | Farm |
| 18:12 | Construir | Farm |
| 18:14 | Construir | Farm |
| 18:17 | Construir | Farm |
| 18:18 | Crear | Villager (Male) |
| 18:19 | Investigar | Loom |
| 18:26 | Construir | Stone Wall |
| 18:26 | Construir | Stone Wall |
| 18:27 | Construir | Stone Wall |
| 18:27 | Construir | Stone Wall |
| 18:27 | Construir | Stone Wall |
| 18:29 | Construir | Stone Wall |
| 18:39 | Crear | Conquistador |
| 18:45 | Crear | Conquistador |
| 18:47 | Investigar | Loom |
| 18:51 | Construir | Farm |
| 18:58 | Construir | Farm |
| 19:05 | Crear | Conquistador |
| 19:27 | Crear | Conquistador |
| 19:30 | Crear | Villager (Male) |
| 19:37 | Construir | Farm |
| 19:41 | Construir | Farm |
| 19:44 | Construir | Farm |
| 19:44 | Crear | Villager (Male) |
| 19:57 | Crear | Conquistador |
| 19:57 | Crear | Conquistador |
| 20:06 | Construir | Farm |
| 20:17 | Crear | Villager (Male) |
| 20:33 | Crear | Villager (Male) |
| 20:43 | Crear | Conquistador |
| 20:54 | Construir | Farm |
| 21:01 | Crear | Villager (Male) |
| 21:05 | Construir | Mining Camp |
| 21:07 | Crear | Villager (Male) |
| 21:35 | Crear | Villager (Male) |
| 21:40 | Crear | Conquistador |
| 21:41 | Crear | Villager (Male) |
| 21:52 | Crear | Villager (Male) |
| 21:59 | Crear | Villager (Male) |
| 22:03 | Crear | Conquistador |
| 22:12 | Crear | Conquistador |
| 22:19 | Crear | Villager (Male) |
| 22:33 | Crear | Villager (Male) |
| 22:47 | Crear | Conquistador |
| 22:47 | Crear | Villager (Male) |
| 23:03 | Crear | Villager (Male) |
| 23:07 | Crear | Villager (Male) |
| 23:14 | Crear | Conquistador |
| 23:17 | Construir | House |
| 23:23 | Crear | Conquistador |
| 23:35 | Crear | Villager (Male) |
| 23:46 | Crear | Conquistador |
| 24:04 | Crear | Villager (Male) |
| 24:26 | Crear | Conquistador |
| 24:29 | Crear | Villager (Male) |
| 24:30 | Construir | House |
| 24:41 | Crear | Villager (Male) |
| 24:59 | Crear | Conquistador |
| 25:10 | Crear | Conquistador |
| 25:10 | Crear | Conquistador |
| 25:27 | Construir | House |
| 25:31 | Construir | Town Center |
| 25:35 | Construir | Castle |
| 25:41 | Crear | Villager (Male) |
| 25:42 | Crear | Villager (Male) |
| 25:43 | Construir | Farm |
| 25:44 | Construir | Farm |
| 25:44 | Construir | Farm |
| 25:44 | Construir | Farm |
| 25:45 | Crear | Villager (Male) |
| 25:48 | Construir | House |
| 26:09 | Crear | Villager (Male) |
| 26:21 | Crear | Villager (Male) |
| 26:57 | Crear | Villager (Male) |
Build order — P0rr1dg3
Primeras 150 de 666 acciones detectadas
| 0:01 | Crear | Villager (Male) |
| 0:01 | Crear | Villager (Male) |
| 0:01 | Crear | Villager (Male) |
| 0:02 | Construir | House |
| 0:03 | Construir | House |
| 0:06 | Crear | Villager (Male) |
| 0:08 | Crear | Villager (Male) |
| 1:22 | Crear | Villager (Male) |
| 1:42 | Construir | Lumber Camp |
| 1:49 | Crear | Villager (Male) |
| 1:49 | Crear | Villager (Male) |
| 2:16 | Crear | Villager (Male) |
| 2:16 | Crear | Villager (Male) |
| 2:46 | Crear | Villager (Male) |
| 2:46 | Crear | Villager (Male) |
| 3:06 | Crear | Villager (Male) |
| 3:24 | Construir | House |
| 3:58 | Crear | Villager (Male) |
| 4:22 | Crear | Villager (Male) |
| 4:24 | Crear | Villager (Male) |
| 5:00 | Investigar | Loom |
| 5:01 | Investigar | Loom |
| 5:01 | Investigar | Loom |
| 5:34 | Crear | Villager (Male) |
| 5:38 | Crear | Villager (Male) |
| 6:24 | Crear | Villager (Male) |
| 6:50 | Crear | Villager (Male) |
| 6:50 | Crear | Villager (Male) |
| 6:56 | Construir | House |
| 7:37 | Crear | Villager (Male) |
| 8:01 | Crear | Villager (Male) |
| 8:02 | Crear | Villager (Male) |
| 8:29 | Crear | Villager (Male) |
| 8:29 | Crear | Villager (Male) |
| 8:36 | Construir | House |
| 9:05 | Crear | Villager (Male) |
| 9:50 | Crear | Villager (Male) |
| 10:19 | Crear | Villager (Male) |
| 11:12 | Construir | Town Center |
| 11:17 | Construir | Palisade Wall |
| 11:20 | Construir | Palisade Wall |
| 11:21 | Construir | Palisade Wall |
| 11:22 | Construir | Palisade Wall |
| 11:24 | Construir | Palisade Wall |
| 11:35 | Construir | Palisade Wall |
| 11:41 | Construir | Palisade Wall |
| 11:42 | Construir | Palisade Wall |
| 11:43 | Construir | Palisade Wall |
| 11:46 | Construir | Palisade Wall |
| 11:49 | Construir | Palisade Wall |
| 11:54 | Construir | Palisade Wall |
| 12:01 | Construir | Palisade Wall |
| 12:02 | Construir | Palisade Wall |
| 12:42 | Construir | Mill |
| 13:30 | Construir | Mill |
| 14:15 | Crear | Villager (Male) |
| 14:15 | Crear | Villager (Male) |
| 14:48 | Crear | Villager (Male) |
| 14:48 | Crear | Villager (Male) |
| 15:20 | Crear | Villager (Male) |
| 15:33 | Crear | Villager (Male) |
| 15:53 | Crear | Villager (Male) |
| 17:22 | Crear | Villager (Male) |
| 17:23 | Crear | Villager (Male) |
| 17:23 | Crear | Villager (Male) |
| 17:30 | Crear | Villager (Male) |
| 17:30 | Crear | Villager (Male) |
| 17:40 | Crear | Villager (Male) |
| 17:40 | Crear | Villager (Male) |
| 17:42 | Crear | Villager (Male) |
| 18:18 | Crear | Villager (Male) |
| 18:18 | Crear | Villager (Male) |
| 19:28 | Construir | Palisade Gate |
| 19:33 | Construir | Palisade Wall |
| 19:34 | Construir | Palisade Wall |
| 19:41 | Crear | Villager (Male) |
| 20:48 | Construir | Farm |
| 20:49 | Construir | Farm |
| 20:49 | Construir | Farm |
| 20:50 | Construir | Farm |
| 20:50 | Construir | Farm |
| 21:26 | Construir | Town Center |
| 21:51 | Construir | Palisade Wall |
| 21:53 | Construir | Palisade Wall |
| 21:55 | Construir | Palisade Wall |
| 21:56 | Construir | Palisade Wall |
| 22:17 | Construir | Palisade Wall |
| 22:20 | Construir | Palisade Wall |
| 22:21 | Construir | Palisade Wall |
| 22:50 | Investigar | Feudal Age |
| 22:51 | Investigar | Feudal Age |
| 22:53 | Crear | Villager (Male) |
| 23:01 | Construir | Mining Camp |
| 24:17 | Construir | Palisade Gate |
| 24:40 | Construir | Mining Camp |
| 24:54 | Edad | Edad Feudal |
| 25:00 | Construir | Market |
| 25:07 | Construir | Blacksmith |
| 25:09 | Investigar | Double-Bit Axe |
| 25:09 | Investigar | Double-Bit Axe |
| 25:11 | Crear | Villager (Male) |
| 25:28 | Crear | Villager (Male) |
| 25:40 | Investigar | Horse Collar |
| 25:40 | Investigar | Horse Collar |
| 25:40 | Investigar | Gold Mining |
| 25:41 | Investigar | Gold Mining |
| 25:44 | Crear | Villager (Male) |
| 25:58 | Construir | Mill |
| 25:58 | Construir | Farm |
| 25:58 | Construir | Farm |
| 25:58 | Construir | Farm |
| 25:59 | Construir | Farm |
| 25:59 | Construir | Farm |
| 25:59 | Construir | Farm |
| 25:59 | Construir | Farm |
| 26:07 | Crear | Villager (Male) |
| 26:19 | Construir | Palisade Gate |
| 26:25 | Construir | Palisade Wall |
| 26:27 | Crear | Villager (Male) |
| 26:35 | Crear | Villager (Male) |
| 26:41 | Crear | Villager (Male) |
| 26:47 | Construir | House |
| 26:49 | Construir | House |
| 26:51 | Construir | House |
| 27:01 | Construir | Farm |
| 27:03 | Construir | Farm |
| 27:04 | Crear | Villager (Male) |
| 27:05 | Construir | Farm |
| 27:09 | Construir | Farm |
| 27:12 | Construir | House |
| 27:14 | Construir | House |
| 27:16 | Crear | Villager (Male) |
| 27:33 | Crear | Villager (Male) |
| 27:35 | Construir | Farm |
| 27:37 | Construir | Farm |
| 27:56 | Crear | Villager (Male) |
| 28:14 | Construir | House |
| 28:16 | Construir | House |
| 28:20 | Crear | Villager (Male) |
| 28:45 | Crear | Villager (Male) |
| 29:10 | Construir | House |
| 29:18 | Construir | House |
| 29:20 | Construir | House |
| 29:27 | Construir | House |
| 29:45 | Construir | Palisade Wall |
| 29:59 | Crear | Villager (Male) |
| 30:00 | Crear | Villager (Male) |
| 30:04 | Construir | House |
| 30:05 | Construir | House |
| 30:07 | Construir | House |
Build order — draco
Primeras 150 de 593 acciones detectadas
| 0:03 | Crear | Villager (Male) |
| 0:03 | Crear | Villager (Male) |
| 0:04 | Crear | Villager (Male) |
| 0:04 | Crear | Villager (Male) |
| 0:05 | Construir | House |
| 0:07 | Construir | House |
| 1:42 | Crear | Villager (Male) |
| 2:06 | Crear | Villager (Male) |
| 2:36 | Crear | Villager (Male) |
| 2:58 | Crear | Villager (Male) |
| 3:26 | Crear | Villager (Male) |
| 3:26 | Crear | Villager (Male) |
| 3:38 | Construir | Lumber Camp |
| 3:51 | Crear | Villager (Male) |
| 3:53 | Construir | House |
| 3:58 | Crear | Villager (Male) |
| 4:34 | Crear | Villager (Male) |
| 5:26 | Crear | Villager (Male) |
| 5:30 | Construir | Mill |
| 5:32 | Crear | Villager (Male) |
| 5:59 | Crear | Villager (Male) |
| 6:03 | Construir | House |
| 6:08 | Crear | Villager (Male) |
| 6:26 | Crear | Villager (Male) |
| 6:40 | Crear | Villager (Male) |
| 7:47 | Construir | Mining Camp |
| 8:07 | Investigar | Feudal Age |
| 8:08 | Investigar | Feudal Age |
| 8:27 | Construir | House |
| 8:57 | Crear | Villager (Male) |
| 9:17 | Construir | Farm |
| 9:20 | Construir | Farm |
| 9:28 | Construir | Palisade Wall |
| 9:29 | Construir | Palisade Wall |
| 9:39 | Construir | Palisade Wall |
| 9:41 | Construir | Palisade Wall |
| 10:04 | Crear | Villager (Male) |
| 10:17 | Edad | Edad Feudal |
| 10:22 | Construir | Palisade Wall |
| 10:24 | Construir | Palisade Wall |
| 10:39 | Construir | Barracks |
| 10:49 | Construir | House |
| 10:51 | Construir | House |
| 10:59 | Construir | Market |
| 11:01 | Crear | Villager (Male) |
| 11:01 | Crear | Villager (Male) |
| 11:05 | Construir | House |
| 11:11 | Construir | Blacksmith |
| 11:12 | Crear | Villager (Male) |
| 11:22 | Crear | Villager (Male) |
| 11:24 | Investigar | Loom |
| 12:00 | Construir | Watch Tower |
| 12:15 | Construir | House |
| 12:22 | Construir | Farm |
| 12:23 | Construir | Farm |
| 12:25 | Construir | Farm |
| 12:34 | Construir | House |
| 12:52 | Construir | Farm |
| 12:55 | Construir | Farm |
| 13:05 | Construir | Farm |
| 13:32 | Investigar | Castle Age |
| 13:57 | Construir | Mining Camp |
| 14:45 | Investigar | Double-Bit Axe |
| 14:46 | Investigar | Horse Collar |
| 16:12 | Edad | Edad de los Castillos |
| 16:16 | Construir | Siege Workshop |
| 16:17 | Crear | Villager (Male) |
| 16:28 | Crear | Villager (Male) |
| 16:35 | Construir | House |
| 16:46 | Construir | Town Center |
| 17:05 | Crear | Mangonel |
| 17:05 | Crear | Mangonel |
| 17:12 | Crear | Villager (Male) |
| 17:13 | Crear | Villager (Male) |
| 17:13 | Crear | Villager (Male) |
| 17:35 | Crear | Villager (Male) |
| 17:35 | Crear | Villager (Male) |
| 17:49 | Crear | Mangonel |
| 17:58 | Crear | Villager (Male) |
| 18:28 | Crear | Villager (Male) |
| 18:57 | Construir | Farm |
| 19:02 | Crear | Mangonel |
| 19:12 | Construir | Farm |
| 19:14 | Crear | Villager (Male) |
| 19:27 | Crear | Battering Ram |
| 19:32 | Construir | Farm |
| 19:34 | Construir | Farm |
| 19:36 | Construir | Farm |
| 19:50 | Crear | Villager (Male) |
| 19:58 | Construir | Farm |
| 20:05 | Crear | Villager (Male) |
| 20:22 | Crear | Villager (Male) |
| 20:33 | Construir | Monastery |
| 20:39 | Crear | Villager (Male) |
| 20:39 | Crear | Villager (Male) |
| 20:51 | Crear | Villager (Male) |
| 20:51 | Crear | Villager (Male) |
| 20:56 | Construir | Farm |
| 21:09 | Crear | Villager (Male) |
| 21:11 | Crear | Monk |
| 21:11 | Crear | Monk |
| 21:14 | Construir | Farm |
| 21:14 | Construir | Farm |
| 21:23 | Construir | House |
| 21:26 | Crear | Villager (Male) |
| 21:26 | Crear | Villager (Male) |
| 21:27 | Crear | Villager (Male) |
| 21:34 | Crear | Monk |
| 21:53 | Construir | Barracks |
| 21:55 | Crear | Monk |
| 21:56 | Crear | Villager (Male) |
| 21:57 | Crear | Villager (Male) |
| 21:57 | Crear | Villager (Male) |
| 21:57 | Crear | Villager (Male) |
| 22:05 | Construir | House |
| 22:29 | Crear | Monk |
| 22:44 | Crear | Monk |
| 22:55 | Construir | Barracks |
| 23:03 | Crear | Monk |
| 23:04 | Crear | Villager (Male) |
| 23:04 | Crear | Villager (Male) |
| 23:04 | Crear | Villager (Male) |
| 23:05 | Crear | Villager (Male) |
| 23:05 | Crear | Villager (Male) |
| 23:18 | Crear | Villager (Male) |
| 23:18 | Crear | Villager (Male) |
| 23:18 | Crear | Villager (Male) |
| 23:45 | Crear | Monk |
| 23:54 | Construir | Farm |
| 24:00 | Construir | Mining Camp |
| 24:03 | Crear | Villager (Male) |
| 24:03 | Crear | Villager (Male) |
| 24:03 | Crear | Villager (Male) |
| 24:19 | Crear | Villager (Male) |
| 24:47 | Crear | Monk |
| 24:51 | Investigar | Redemption |
| 24:53 | Investigar | Sanctity |
| 24:56 | Construir | House |
| 24:57 | Crear | Villager (Male) |
| 24:57 | Crear | Villager (Male) |
| 25:05 | Crear | Monk |
| 25:06 | Crear | Monk |
| 25:15 | Crear | Monk |
| 25:20 | Crear | Monk |
| 25:21 | Crear | Spearman |
| 25:21 | Crear | Spearman |
| 25:46 | Crear | Villager (Male) |
| 25:48 | Crear | Monk |
| 26:09 | Construir | Monastery |
| 26:10 | Crear | Villager (Male) |
Build order — King of Puchi
Primeras 150 de 1415 acciones detectadas
| 0:02 | Crear | Villager (Male) |
| 0:02 | Crear | Villager (Male) |
| 0:02 | Crear | Villager (Male) |
| 0:03 | Crear | Villager (Male) |
| 0:04 | Construir | House |
| 0:06 | Construir | House |
| 1:26 | Crear | Villager (Male) |
| 1:27 | Crear | Villager (Male) |
| 1:58 | Crear | Villager (Male) |
| 1:59 | Crear | Villager (Male) |
| 2:03 | Crear | Villager (Male) |
| 2:03 | Crear | Villager (Male) |
| 2:45 | Construir | Lumber Camp |
| 2:46 | Crear | Villager (Male) |
| 2:46 | Crear | Villager (Male) |
| 2:46 | Crear | Villager (Male) |
| 3:00 | Crear | Villager (Male) |
| 3:00 | Crear | Villager (Male) |
| 3:00 | Crear | Villager (Male) |
| 3:22 | Crear | Villager (Male) |
| 3:23 | Crear | Villager (Male) |
| 3:23 | Crear | Villager (Male) |
| 3:25 | Crear | Villager (Male) |
| 3:25 | Crear | Villager (Male) |
| 3:26 | Crear | Villager (Male) |
| 3:37 | Construir | House |
| 3:38 | Construir | House |
| 4:12 | Crear | Villager (Male) |
| 4:12 | Crear | Villager (Male) |
| 4:13 | Crear | Villager (Male) |
| 4:42 | Crear | Villager (Male) |
| 4:42 | Crear | Villager (Male) |
| 4:42 | Crear | Villager (Male) |
| 5:14 | Crear | Villager (Male) |
| 5:15 | Crear | Villager (Male) |
| 5:32 | Crear | Villager (Male) |
| 5:32 | Crear | Villager (Male) |
| 5:39 | Construir | Mill |
| 6:05 | Crear | Villager (Male) |
| 6:05 | Crear | Villager (Male) |
| 6:20 | Crear | Villager (Male) |
| 7:13 | Construir | House |
| 7:35 | Crear | Villager (Male) |
| 7:52 | Crear | Villager (Male) |
| 8:24 | Crear | Villager (Male) |
| 8:33 | Investigar | Feudal Age |
| 9:31 | Construir | Mining Camp |
| 9:37 | Construir | Farm |
| 9:38 | Construir | Farm |
| 10:06 | Crear | Villager (Male) |
| 10:06 | Crear | Villager (Male) |
| 10:08 | Construir | Farm |
| 10:09 | Construir | Farm |
| 10:26 | Construir | Farm |
| 11:22 | Edad | Edad Feudal |
| 11:33 | Construir | Blacksmith |
| 11:35 | Construir | Market |
| 11:55 | Construir | House |
| 12:18 | Investigar | Castle Age |
| 12:18 | Investigar | Castle Age |
| 12:25 | Construir | Barracks |
| 12:39 | Investigar | Double-Bit Axe |
| 12:39 | Investigar | Double-Bit Axe |
| 12:40 | Investigar | Double-Bit Axe |
| 13:15 | Crear | Villager (Male) |
| 14:04 | Investigar | Horse Collar |
| 14:28 | Crear | Villager (Male) |
| 14:58 | Edad | Edad de los Castillos |
| 15:00 | Construir | Town Center |
| 15:03 | Construir | Town Center |
| 15:05 | Investigar | Bow Saw |
| 15:10 | Crear | Villager (Male) |
| 15:25 | Investigar | Town Watch |
| 15:26 | Investigar | Wheelbarrow |
| 15:47 | Crear | Villager (Male) |
| 16:00 | Crear | Villager (Male) |
| 16:16 | Crear | Villager (Male) |
| 16:19 | Construir | Farm |
| 16:21 | Construir | Farm |
| 16:25 | Construir | Farm |
| 16:28 | Crear | Villager (Male) |
| 16:41 | Construir | Monastery |
| 16:46 | Crear | Villager (Male) |
| 16:47 | Crear | Villager (Male) |
| 17:09 | Construir | Farm |
| 17:14 | Construir | Farm |
| 17:15 | Construir | Farm |
| 17:17 | Construir | Farm |
| 17:21 | Crear | Villager (Male) |
| 17:23 | Construir | Farm |
| 17:27 | Crear | Monk |
| 17:38 | Construir | House |
| 17:43 | Construir | Farm |
| 17:43 | Construir | Farm |
| 17:44 | Crear | Villager (Male) |
| 17:45 | Construir | Farm |
| 17:54 | Crear | Villager (Male) |
| 17:54 | Crear | Villager (Male) |
| 18:02 | Construir | Farm |
| 18:04 | Construir | Farm |
| 18:05 | Construir | Farm |
| 18:10 | Crear | Villager (Male) |
| 18:10 | Crear | Villager (Male) |
| 18:15 | Construir | Farm |
| 18:18 | Construir | Farm |
| 18:18 | Crear | Villager (Male) |
| 18:19 | Crear | Villager (Male) |
| 18:19 | Crear | Villager (Male) |
| 18:27 | Crear | Villager (Male) |
| 18:27 | Crear | Villager (Male) |
| 18:36 | Construir | House |
| 18:53 | Crear | Monk |
| 18:56 | Crear | Villager (Male) |
| 18:56 | Crear | Villager (Male) |
| 18:59 | Crear | Villager (Male) |
| 19:00 | Crear | Villager (Male) |
| 19:01 | Construir | House |
| 19:02 | Construir | House |
| 19:02 | Construir | House |
| 19:03 | Construir | House |
| 19:07 | Crear | Villager (Male) |
| 19:10 | Construir | Farm |
| 19:11 | Construir | Farm |
| 19:13 | Crear | Villager (Male) |
| 19:13 | Crear | Villager (Male) |
| 19:16 | Construir | Farm |
| 19:20 | Crear | Villager (Male) |
| 19:20 | Crear | Villager (Male) |
| 19:23 | Crear | Villager (Male) |
| 19:23 | Crear | Villager (Male) |
| 19:23 | Crear | Villager (Male) |
| 19:26 | Construir | House |
| 19:29 | Crear | Villager (Male) |
| 19:29 | Crear | Villager (Male) |
| 19:30 | Crear | Villager (Male) |
| 19:30 | Crear | Villager (Male) |
| 19:40 | Crear | Villager (Male) |
| 19:40 | Crear | Villager (Male) |
| 19:47 | Crear | Villager (Male) |
| 19:47 | Crear | Villager (Male) |
| 20:09 | Crear | Villager (Male) |
| 20:09 | Crear | Villager (Male) |
| 20:11 | Construir | Farm |
| 20:12 | Crear | Villager (Male) |
| 20:12 | Crear | Villager (Male) |
| 20:21 | Crear | Villager (Male) |
| 20:21 | Crear | Villager (Male) |
| 20:27 | Crear | Villager (Male) |
| 20:27 | Crear | Villager (Male) |
| 20:49 | Crear | Villager (Male) |
Cronología de la partida
| 6:54 | BomBomB1 · first_building Barracks |
| 7:42 | BomBomB1 · wall_segment Palisade Wall x6 |
| 8:08 | KanSu · first_building Barracks |
| 8:21 | BomBomB1 · wall_segment Palisade Wall x2 |
| 8:23 | BomBomB1 · wall_segment Palisade Wall x1 |
| 8:24 | BomBomB1 · wall_segment Palisade Wall x1 |
| 8:36 | 嗚 · first_building Barracks |
| 8:52 | BomBomB1 · age_up feudal |
| 8:56 | KanSu · age_up feudal |
| 9:02 | BomBomB1 · first_building Stable |
| 9:16 | 嗚 · age_up feudal |
| 9:28 | draco · wall_segment Palisade Wall x1 |
| 9:29 | draco · wall_segment Palisade Wall x1 |
| 9:33 | KanSu · first_building Stable |
| 9:38 | Morris=w= · age_up feudal |
| 9:39 | draco · wall_segment Palisade Wall x1 |
| 9:41 | draco · wall_segment Palisade Wall x1 |
| 10:06 | BomBomB1 · wall_segment Palisade Wall x15 |
| 10:17 | draco · age_up feudal |
| 10:22 | draco · wall_segment Palisade Wall x1 |
| 10:24 | draco · wall_segment Palisade Wall x1 |
| 10:39 | draco · first_building Barracks |
| 10:59 | 花果山水簾洞美猴王齊天大聖孫悟空 · age_up feudal |
| 11:10 | KanSu · wall_segment Palisade Wall x21 |
| 11:17 | P0rr1dg3 · wall_segment Palisade Wall x2 |
| 11:20 | P0rr1dg3 · wall_segment Palisade Wall x1 |
| 11:21 | P0rr1dg3 · wall_segment Palisade Wall x1 |
| 11:22 | King of Puchi · age_up feudal |
| 11:22 | P0rr1dg3 · wall_segment Palisade Wall x1 |
| 11:24 | P0rr1dg3 · wall_segment Palisade Wall x1 |
| 11:35 | P0rr1dg3 · wall_segment Palisade Wall x1 |
| 11:41 | P0rr1dg3 · wall_segment Palisade Wall x1 |
| 11:42 | P0rr1dg3 · wall_segment Palisade Wall x1 |
| 11:43 | P0rr1dg3 · wall_segment Palisade Wall x1 |
| 11:46 | P0rr1dg3 · wall_segment Palisade Wall x1 |
| 11:47 | BomBomB1 · wall_segment Palisade Wall x1 |
| 11:49 | P0rr1dg3 · wall_segment Palisade Wall x1 |
| 11:49 | BomBomB1 · wall_segment Palisade Wall x2 |
| 11:54 | P0rr1dg3 · wall_segment Palisade Wall x1 |
| 12:01 | P0rr1dg3 · wall_segment Palisade Wall x1 |
| 12:02 | P0rr1dg3 · wall_segment Palisade Wall x1 |
| 12:25 | King of Puchi · first_building Barracks |
| 12:26 | BomBomB1 · wall_segment Palisade Wall x3 |
| 12:33 | BomBomB1 · wall_segment Palisade Wall x8 |
| 12:46 | draco · first_market_sell 100 food |
| 13:21 | Morris=w= · age_up castle |
| 13:31 | draco · first_market_buy 100 food |
| 13:36 | 花果山水簾洞美猴王齊天大聖孫悟空 · first_building Barracks |
| 14:40 | BomBomB1 · wall_segment Palisade Wall x1 |
| 14:40 | BomBomB1 · wall_segment Palisade Wall x1 |
| 14:41 | BomBomB1 · wall_segment Palisade Wall x1 |
| 14:42 | BomBomB1 · wall_segment Palisade Wall x1 |
| 14:52 | KanSu · wall_segment Palisade Wall x19 |
| 14:58 | King of Puchi · age_up castle |
| 15:29 | 花果山水簾洞美猴王齊天大聖孫悟空 · age_up castle |
| 15:54 | 花果山水簾洞美猴王齊天大聖孫悟空 · first_building Stable |
| 16:09 | Morris=w= · first_market_buy 100 food |
| 16:12 | draco · age_up castle |
| 16:16 | draco · first_building Siege Workshop |
| 16:26 | 花果山水簾洞美猴王齊天大聖孫悟空 · first_building Castle |
| 16:41 | King of Puchi · first_building Monastery |
| 17:50 | 花果山水簾洞美猴王齊天大聖孫悟空 · wall_segment Stone Wall x20 |
| 18:07 | 花果山水簾洞美猴王齊天大聖孫悟空 · first_market_buy 100 food |
| 18:26 | 花果山水簾洞美猴王齊天大聖孫悟空 · wall_segment Stone Wall x1 |
| 18:26 | 花果山水簾洞美猴王齊天大聖孫悟空 · wall_segment Stone Wall x2 |
| 18:27 | 花果山水簾洞美猴王齊天大聖孫悟空 · wall_segment Stone Wall x1 |
| 18:27 | 花果山水簾洞美猴王齊天大聖孫悟空 · wall_segment Stone Wall x1 |
| 18:27 | 花果山水簾洞美猴王齊天大聖孫悟空 · wall_segment Stone Wall x1 |
| 18:29 | 花果山水簾洞美猴王齊天大聖孫悟空 · wall_segment Stone Wall x5 |
| 18:38 | 花果山水簾洞美猴王齊天大聖孫悟空 · first_market_sell 100 wood |
| 18:56 | BomBomB1 · wall_segment Palisade Wall x1 |
| 19:08 | KanSu · first_building Archery Range |
| 19:33 | P0rr1dg3 · wall_segment Palisade Wall x1 |
| 19:34 | P0rr1dg3 · wall_segment Palisade Wall x1 |
| 20:33 | draco · first_building Monastery |
| 21:51 | P0rr1dg3 · wall_segment Palisade Wall x1 |
| 21:53 | P0rr1dg3 · wall_segment Palisade Wall x5 |
| 21:55 | P0rr1dg3 · wall_segment Palisade Wall x7 |
| 21:56 | P0rr1dg3 · wall_segment Palisade Wall x5 |
| 22:08 | KanSu · age_up castle |
| 22:17 | P0rr1dg3 · wall_segment Palisade Wall x1 |
| 22:20 | P0rr1dg3 · wall_segment Palisade Wall x14 |
| 22:21 | P0rr1dg3 · wall_segment Palisade Wall x4 |
| 22:31 | BomBomB1 · age_up castle |
| 23:48 | Morris=w= · first_building Castle |
| 24:23 | King of Puchi · first_building Siege Workshop |
| 24:54 | P0rr1dg3 · age_up feudal |
| 25:24 | 嗚 · age_up castle |
| 25:26 | 嗚 · first_building Castle |
| 26:25 | P0rr1dg3 · wall_segment Palisade Wall x1 |
| 26:27 | 嗚 · first_market_sell 100 wood |
| 26:33 | Morris=w= · first_building Barracks |
| 26:48 | draco · first_building Archery Range |
| 27:08 | Morris=w= · wall_segment Stone Wall x2 |
| 27:31 | Morris=w= · first_building Stable |
| 27:42 | draco · wall_segment Palisade Wall x1 |
| 28:01 | King of Puchi · first_building Castle |
| 28:07 | Morris=w= · wall_segment Stone Wall x2 |
| 28:10 | Morris=w= · wall_segment Stone Wall x3 |
| 28:25 | BomBomB1 · first_market_sell 500 wood |
| 28:25 | BomBomB1 · first_market_buy 500 stone |
| 28:46 | BomBomB1 · first_building Castle |
| 28:54 | Morris=w= · age_up imperial |
| 29:43 | KanSu · first_building Siege Workshop |
| 29:45 | P0rr1dg3 · wall_segment Palisade Wall x1 |
| 30:01 | King of Puchi · age_up imperial |
| 30:05 | 花果山水簾洞美猴王齊天大聖孫悟空 · wall_segment Stone Wall x23 |
| 31:01 | P0rr1dg3 · first_market_buy 100 food |
| 31:03 | 花果山水簾洞美猴王齊天大聖孫悟空 · wall_segment Stone Wall x1 |
| 31:06 | 花果山水簾洞美猴王齊天大聖孫悟空 · wall_segment Stone Wall x3 |
| 31:08 | 花果山水簾洞美猴王齊天大聖孫悟空 · wall_segment Stone Wall x5 |
| 31:08 | 花果山水簾洞美猴王齊天大聖孫悟空 · wall_segment Stone Wall x4 |
| 32:02 | 花果山水簾洞美猴王齊天大聖孫悟空 · wall_segment Stone Wall x1 |
| 32:04 | KanSu · first_market_sell 100 wood |
| 32:40 | KanSu · first_building Monastery |
| 33:08 | draco · first_building Castle |
| 33:25 | 嗚 · first_building Archery Range |
| 34:30 | KanSu · first_market_buy 100 wood |
| 35:23 | KanSu · first_building Castle |
| 36:33 | KanSu · age_up imperial |
| 36:42 | Morris=w= · tribute_sent a jugador 1 |
| 36:42 | Morris=w= · tribute_sent a jugador 2 |
| 36:42 | Morris=w= · tribute_sent a jugador 3 |
| 36:42 | Morris=w= · tribute_sent a jugador 4 |
| 36:42 | Morris=w= · tribute_sent a jugador 6 |
| 36:42 | Morris=w= · tribute_sent a jugador 7 |
| 36:42 | Morris=w= · tribute_sent a jugador 8 |
| 37:18 | Morris=w= · tribute_sent a jugador 1 |
| 37:18 | Morris=w= · tribute_sent a jugador 2 |
| 37:18 | Morris=w= · tribute_sent a jugador 3 |
| 37:18 | Morris=w= · tribute_sent a jugador 4 |
| 37:18 | Morris=w= · tribute_sent a jugador 6 |
| 37:18 | Morris=w= · tribute_sent a jugador 7 |
| 37:18 | Morris=w= · tribute_sent a jugador 8 |
| 38:17 | 花果山水簾洞美猴王齊天大聖孫悟空 · wall_segment Stone Wall x1 |
| 38:21 | 花果山水簾洞美猴王齊天大聖孫悟空 · wall_segment Stone Wall x1 |
| 38:24 | 花果山水簾洞美猴王齊天大聖孫悟空 · wall_segment Stone Wall x1 |
| 38:36 | P0rr1dg3 · age_up castle |
| 38:37 | BomBomB1 · wall_segment Stone Wall x25 |
| 39:27 | Morris=w= · tribute_sent a jugador 1 |
| 39:27 | Morris=w= · tribute_sent a jugador 2 |
| 39:27 | Morris=w= · tribute_sent a jugador 3 |
| 39:27 | Morris=w= · tribute_sent a jugador 4 |
| 39:27 | Morris=w= · tribute_sent a jugador 6 |
| 39:27 | Morris=w= · tribute_sent a jugador 7 |
| 39:27 | Morris=w= · tribute_sent a jugador 8 |
| 40:07 | draco · age_up imperial |
| 41:03 | 嗚 · age_up imperial |
| 41:07 | 花果山水簾洞美猴王齊天大聖孫悟空 · age_up imperial |
| 41:16 | King of Puchi · tribute_sent a jugador 1 |
| 41:16 | King of Puchi · tribute_sent a jugador 2 |
| 41:16 | King of Puchi · tribute_sent a jugador 3 |
| 41:16 | King of Puchi · tribute_sent a jugador 4 |
| 41:16 | King of Puchi · tribute_sent a jugador 5 |
| 41:16 | King of Puchi · tribute_sent a jugador 6 |
| 41:16 | King of Puchi · tribute_sent a jugador 7 |
| 42:21 | BomBomB1 · wall_segment Stone Wall x6 |
| 43:22 | KanSu · wall_segment Stone Wall x1 |
| 43:25 | KanSu · wall_segment Stone Wall x1 |
| 43:28 | 花果山水簾洞美猴王齊天大聖孫悟空 · wall_segment Stone Wall x1 |
| 43:29 | Morris=w= · tribute_sent a jugador 1 |
| 43:29 | Morris=w= · tribute_sent a jugador 2 |
| 43:29 | Morris=w= · tribute_sent a jugador 3 |
| 43:29 | Morris=w= · tribute_sent a jugador 4 |
| 43:29 | Morris=w= · tribute_sent a jugador 6 |
| 43:29 | Morris=w= · tribute_sent a jugador 7 |
| 43:29 | Morris=w= · tribute_sent a jugador 8 |
| 43:29 | 花果山水簾洞美猴王齊天大聖孫悟空 · wall_segment Stone Wall x2 |
| 43:29 | 花果山水簾洞美猴王齊天大聖孫悟空 · wall_segment Stone Wall x1 |
| 43:29 | 花果山水簾洞美猴王齊天大聖孫悟空 · wall_segment Stone Wall x1 |
| 44:42 | King of Puchi · tribute_sent a jugador 1 |
| 44:42 | King of Puchi · tribute_sent a jugador 2 |
| 44:42 | King of Puchi · tribute_sent a jugador 3 |
| 44:42 | King of Puchi · tribute_sent a jugador 4 |
| 44:42 | King of Puchi · tribute_sent a jugador 5 |
| 44:42 | King of Puchi · tribute_sent a jugador 6 |
| 44:42 | King of Puchi · tribute_sent a jugador 7 |
| 45:47 | Morris=w= · tribute_sent a jugador 1 |
| 45:47 | Morris=w= · tribute_sent a jugador 2 |
| 45:47 | Morris=w= · tribute_sent a jugador 3 |
| 45:47 | Morris=w= · tribute_sent a jugador 4 |
| 45:48 | Morris=w= · tribute_sent a jugador 6 |
| 45:48 | Morris=w= · tribute_sent a jugador 7 |
| 45:48 | Morris=w= · tribute_sent a jugador 8 |
| 47:03 | P0rr1dg3 · first_market_sell 100 food |
| 47:35 | BomBomB1 · first_building Archery Range |
| 48:00 | BomBomB1 · age_up imperial |
| 48:12 | Morris=w= · tribute_sent a jugador 1 |
| 48:12 | Morris=w= · tribute_sent a jugador 2 |
| 48:12 | Morris=w= · tribute_sent a jugador 3 |
| 48:12 | Morris=w= · tribute_sent a jugador 4 |
| 48:12 | Morris=w= · tribute_sent a jugador 6 |
| 48:12 | Morris=w= · tribute_sent a jugador 7 |
| 48:12 | Morris=w= · tribute_sent a jugador 8 |
| 49:27 | P0rr1dg3 · first_building Monastery |
| 49:28 | BomBomB1 · first_building Siege Workshop |
| 49:36 | BomBomB1 · first_building Monastery |
| 50:31 | Morris=w= · first_market_sell 500 wood |
| 50:33 | King of Puchi · tribute_sent a jugador 1 |
| 50:33 | King of Puchi · tribute_sent a jugador 2 |
| 50:33 | King of Puchi · tribute_sent a jugador 3 |
| 50:33 | King of Puchi · tribute_sent a jugador 4 |
| 50:33 | King of Puchi · tribute_sent a jugador 5 |
| 50:33 | King of Puchi · tribute_sent a jugador 6 |
| 50:33 | King of Puchi · tribute_sent a jugador 7 |
| 52:08 | P0rr1dg3 · first_building Castle |
| 52:10 | 嗚 · first_building Siege Workshop |
| 53:08 | BomBomB1 · tribute_sent a jugador 1 |
| 53:08 | BomBomB1 · tribute_sent a jugador 2 |
| 53:08 | BomBomB1 · tribute_sent a jugador 4 |
| 53:08 | BomBomB1 · tribute_sent a jugador 5 |
| 53:08 | BomBomB1 · tribute_sent a jugador 6 |
| 53:08 | BomBomB1 · tribute_sent a jugador 7 |
| 53:08 | BomBomB1 · tribute_sent a jugador 8 |
| 53:12 | P0rr1dg3 · age_up imperial |
| 54:23 | KanSu · tribute_sent a jugador 1 |
| 54:23 | KanSu · tribute_sent a jugador 3 |
| 54:23 | KanSu · tribute_sent a jugador 4 |
| 54:23 | KanSu · tribute_sent a jugador 5 |
| 54:23 | KanSu · tribute_sent a jugador 6 |
| 54:23 | KanSu · tribute_sent a jugador 7 |
| 54:23 | KanSu · tribute_sent a jugador 8 |
| 55:41 | P0rr1dg3 · first_building Barracks |
| 57:05 | P0rr1dg3 · first_building Stable |
| 60:37 | KanSu · tribute_sent a jugador 1 |
| 60:37 | KanSu · tribute_sent a jugador 3 |
| 60:37 | KanSu · tribute_sent a jugador 4 |
| 60:37 | KanSu · tribute_sent a jugador 5 |
| 60:37 | KanSu · tribute_sent a jugador 6 |
| 60:37 | KanSu · tribute_sent a jugador 7 |
| 60:37 | KanSu · tribute_sent a jugador 8 |
| 61:17 | KanSu · tribute_sent a jugador 1 |
| 61:17 | KanSu · tribute_sent a jugador 3 |
| 61:17 | KanSu · tribute_sent a jugador 4 |
| 61:17 | KanSu · tribute_sent a jugador 5 |
| 61:17 | KanSu · tribute_sent a jugador 6 |
| 61:17 | KanSu · tribute_sent a jugador 7 |
| 61:17 | KanSu · tribute_sent a jugador 8 |
| 62:36 | 花果山水簾洞美猴王齊天大聖孫悟空 · first_building Siege Workshop |
| 64:38 | 花果山水簾洞美猴王齊天大聖孫悟空 · tribute_sent a jugador 1 |
| 64:38 | 花果山水簾洞美猴王齊天大聖孫悟空 · tribute_sent a jugador 2 |
| 64:38 | 花果山水簾洞美猴王齊天大聖孫悟空 · tribute_sent a jugador 3 |
| 64:38 | 花果山水簾洞美猴王齊天大聖孫悟空 · tribute_sent a jugador 5 |
| 64:38 | 花果山水簾洞美猴王齊天大聖孫悟空 · tribute_sent a jugador 6 |
| 64:38 | 花果山水簾洞美猴王齊天大聖孫悟空 · tribute_sent a jugador 7 |
| 64:38 | 花果山水簾洞美猴王齊天大聖孫悟空 · tribute_sent a jugador 8 |
| 65:29 | BomBomB1 · tribute_sent a jugador 1 |
| 65:29 | BomBomB1 · tribute_sent a jugador 2 |
| 65:29 | BomBomB1 · tribute_sent a jugador 4 |
| 65:29 | BomBomB1 · tribute_sent a jugador 5 |
| 65:29 | BomBomB1 · tribute_sent a jugador 6 |
| 65:29 | BomBomB1 · tribute_sent a jugador 7 |
| 65:29 | BomBomB1 · tribute_sent a jugador 8 |
| 66:49 | KanSu · tribute_sent a jugador 1 |
| 66:49 | KanSu · tribute_sent a jugador 3 |
| 66:49 | KanSu · tribute_sent a jugador 4 |
| 66:49 | KanSu · tribute_sent a jugador 5 |
| 66:49 | KanSu · tribute_sent a jugador 6 |
| 66:49 | KanSu · tribute_sent a jugador 7 |
| 66:49 | KanSu · tribute_sent a jugador 8 |
| 68:08 | 花果山水簾洞美猴王齊天大聖孫悟空 · tribute_sent a jugador 1 |
| 68:08 | 花果山水簾洞美猴王齊天大聖孫悟空 · tribute_sent a jugador 2 |
| 68:08 | 花果山水簾洞美猴王齊天大聖孫悟空 · tribute_sent a jugador 3 |
| 68:08 | 花果山水簾洞美猴王齊天大聖孫悟空 · tribute_sent a jugador 5 |
| 68:08 | 花果山水簾洞美猴王齊天大聖孫悟空 · tribute_sent a jugador 6 |
| 68:08 | 花果山水簾洞美猴王齊天大聖孫悟空 · tribute_sent a jugador 7 |
| 68:08 | 花果山水簾洞美猴王齊天大聖孫悟空 · tribute_sent a jugador 8 |
| 68:50 | Morris=w= · tribute_sent a jugador 1 |
| 68:50 | Morris=w= · tribute_sent a jugador 2 |
| 68:50 | Morris=w= · tribute_sent a jugador 3 |
| 68:50 | Morris=w= · tribute_sent a jugador 4 |
| 68:50 | Morris=w= · tribute_sent a jugador 6 |
| 68:50 | Morris=w= · tribute_sent a jugador 7 |
| 68:50 | Morris=w= · tribute_sent a jugador 8 |
| 70:01 | 嗚 · resign |
[ ANÁLISIS IA · 1 CRÉDITO ]
¿Qué pasó realmente en esta partida?
Wolo.gg analiza cada decisión: build order, eco, micro, errores típicos por bracket. Análisis personalizado por WhatsApp o Discord en 30 segundos.
Guía civ
Persas
Perfil
Morris=w=